 Dungeon Crawl Stone Soup version 0.25-a0-424-g80bd347ae0 (webtiles) character file.

Game seed: 13412052928426531421, levelgen mode: deterministic

231 MisterFreud the Skirmisher (level 5, -6/51 HPs)
             Began as a Minotaur Chaos Knight on Jan 21, 2020.
             Was a Plaything of Xom.
             Mangled by an orc warrior
             ... wielding a +1 broad axe of freezing
              (7 damage)
             ... on level 4 of the Dungeon.
             The game lasted 00:05:08 (2697 turns).

MisterFreud the Skirmisher (Minotaur Chaos Knight)  Turns: 2697, Time: 00:05:09

Health: -6/51      AC:  9    Str: 18      XL:     5   Next: 73%
Magic:  4/4        EV: 16    Int:  9      God:    Xom [....*.]
Gold:   157        SH:  0    Dex: 10 (14) Spells: 4/4 levels left

rFire    . . .     SeeInvis .   a - +0 mace (chaos)
rCold    . . .     Gourm    .   (no shield)
rNeg     . . .     Faith    .   b - +2 leather armour
rPois    +         Spirit   .   (helmet restricted)
rElec    .         Reflect  .   r - +0 cloak
rCorr    .         Harm     .   (no gloves)
MR       .....                  y - +0 pair of boots
Stlth    ++........             z - amulet of the acrobat
HPRegen  0.17/turn              A - +2 ring of protection
MPRegen  0.09/turn              o - ring of poison resistance

@: agile
A: retaliatory headbutt, horns 2
a: Renounce Religion


You were on level 4 of the Dungeon.
You worshipped Xom.
You were a beloved toy of Xom.
You were not hungry.

You visited 1 branch of the dungeon, and saw 4 of its levels.

You collected 157 gold pieces.

Inventory:

Hand Weapons
 a - a +0 mace of chaos (weapon)
 u - a +0 whip of venom
Missiles
 h - 39 arrows
 j - 172 stones (quivered)
 s - 15 bolts
 D - 20 sling bullets
Armour
 b - a +2 leather armour (worn)
 r - a +0 cloak (worn)
 y - a +0 pair of boots (worn)
Jewellery
 d - a +3 ring of intelligence
 n - an uncursed ring of wizardry
 o - a ring of poison resistance (right hand)
 z - an amulet of the acrobat (around neck)
 A - a +2 ring of protection (left hand)
 E - an uncursed amulet of rage {unknown}
Scrolls
 f - 2 scrolls of random uselessness
 g - a scroll of blinking
 k - 4 scrolls of remove curse
 m - 3 scrolls of teleportation
 p - a scroll of enchant weapon {unknown}
 q - 3 scrolls of fog
 C - a scroll of fear {unknown}
Potions
 i - a potion of magic
 l - a potion of degeneration
 t - a potion of cancellation
 w - a potion of mutation
 B - 2 potions of resistance
Miscellaneous
 x - a fan of gales
Comestibles
 c - 10 rations
 v - 3 chunks of flesh


   Skills:
 * Level 6.4 Fighting
 - Level 5.0 Maces & Flails
 - Level 2.9 Armour
 - Level 1.7 Dodging
 - Level 0.6 Stealth


You had 4 spell levels left.
You didn't know any spells.
Your spell library contained the following spells:

 Spells                   Type           Power        Failure   Level  Hunger
 Confusing Touch          Hex            #.......     82%         3    ####...
 Gell's Gravitas          Tloc           #.........   82%         3    ####...
 Petrify                  Tmut/Erth      #.......     99%         4    #####..
 Metabolic Englaciation   Hex/Ice        #.........   100%        5    ######.
 Yara's Violent Unravell  Hex/Tmut       #.........   100%        5    ######.


Dungeon Overview and Level Annotations

Branches:
Dungeon (4/15)
 Temple: D:4-7

Altars:
Ashenzari
Dithmenos
Okawaru
Xom
The Shining One

Annotations:
D:4 2 transporters


Innate Abilities, Weirdness & Mutations

You reflexively headbutt those who attack you in melee.
You have a pair of horns on your head.


Message History

The orc wizard hits you with a +0 dagger.
Some of the chunks of flesh in your inventory have rotted away.
You hit the orc warrior.
The orc warrior flickers and vanishes!
Deactivating autopickup; reactivate with Ctrl-A.
Xom thinks this is hilarious!
Your headbutt misses something. The orc wizard misses you. Something hits you!
Something freezes you. The orc barely misses you.
The orc wizard closely misses you. Something hits you!
* * * LOW HITPOINT WARNING * * *
Something freezes you.
* * * LOW HITPOINT WARNING * * *
Unknown command.
The orc wizard hits you with a +0 dagger.
* * * LOW HITPOINT WARNING * * *
It was a potion of agility.
You feel agile all of a sudden. Something hits you!
You die...
Xom titters!

# .# ###. #.. #.# #####.#
#.##...oo## ######
#.....o.@.# #....######
####.####)#####.......... #
#........##.##.##
#######......#..#
##.....)...#...
#...####...###.
##[..#⌠.##+#..⌠. #########
#..............#
##...#...####.#.###.......##


You could see an orc wizard and 2 orcs.

Vanquished Creatures
  A hound (D:2)
  9 adders
  A shadow imp (D:3)
  An ooze (D:1)
  3 worms
  2 dart slugs (D:1)
  7 orcs
  4 ball pythons
  3 giant cockroaches
  9 goblins
  7 hobgoblins
  3 jackals (D:2)
  5 kobolds
  A quokka (D:4)
  4 bats
  4 frilled lizards
  9 rats
73 creatures vanquished.

Vanquished Creatures (collateral kills)
  An orc priest (D:3)
  A quokka (D:3)
2 creatures vanquished.

Grand Total: 75 creatures vanquished

Notes
Turn   | Place    | Note
-------+----------+-------------------------------------------
     0 | D:1      | MisterFreud the Minotaur Chaos Knight began the quest for
                  | the Orb.
     0 | D:1      | Reached XP level 1. HP: 19/19 MP: 0/0
     9 | D:1      | Noticed an electric eel
   126 | D:1      | Reached skill level 4 in Fighting
   203 | D:1      | Reached XP level 2. HP: 26/27 MP: 1/1
   421 | D:1      | XOM: silly message
   558 | D:2      | Reached XP level 3. HP: 26/35 MP: 2/2
   559 | D:2      | XOM: silly message
   578 | D:2      | XOM: mild Fire miscast
   582 | D:2      | Reached skill level 5 in Fighting
   646 | D:2      | XOM: scenery: create altars
   660 | D:2      | XOM: harmless Erth miscast
   764 | D:2      | XOM: god gift: shiny emerald ring {god gift}
   888 | D:2      | Reached XP level 4. HP: 32/42 MP: 3/3
  1145 | D:2      | Reached XP level 5. HP: 21/48 MP: 4/4
  1147 | D:2      | Reached skill level 5 in Maces & Flails
  1439 | D:2      | Found a faded altar of an unknown god.
  1480 | D:2      | Found a glowing golden altar of the Shining One.
  1504 | D:2      | XOM: god gift: fan of gales
  1556 | D:3      | XOM: scenery: 1 doors close
  1705 | D:3      | XOM: summons 2 friendly demons
  1732 | D:3      | XOM: divination: magic mapping
  1768 | D:3      | Found an iron altar of Okawaru.
  1819 | D:3      | Reached skill level 6 in Fighting
  1868 | D:3      | XOM: summons 2 hostile demons
  1964 | D:3      | XOM: 3-stop teleportation journey
  1989 | D:3      | XOM: 1-stop teleportation journey
  2000 | D:3      | XOM: god gift: 24 arrows
  2379 | D:3      | XOM: cloud trail
  2450 | D:4      | Noticed a kobold demonologist
  2451 | D:4      | Found a transporter.
  2453 | D:4      | Found a transporter.
  2552 | D:4      | Found a shattered altar of Ashenzari.
  2635 | D:4      | Found a shadowy altar of Dithmenos.
  2686 | D:4      | Noticed an orc warrior
  2696 | D:4      | HP: 1/51 [orc wizard/+0 dagger (2)]
  2697 | D:4      | Mangled by an orc warrior

Levels and vault maps discovered:
D:1:      arrival_aquarium_a, layout_basic, minivault_19
D:2:      minmay_diamond_boxcup, layout_basic, chequers_ecumenical_altar_simple,
          tso_altar
D:3:      layout_basic, old_standard_altar, first_ration,
          chequers_serial_rivers_micro_d
D:4:      gammafunk_wand_slinger, layout_loops_ring, marbit_many_paths,
          gup_sewer_entry_spiral, evilmike_ruin_ashenzari

Skill      XL: |  1  2  3  4  5 |
---------------+----------------+-----
Fighting       | 4 5 6 |  6.4
Maces & Flails | 4 5 |  5.0
Armour         | |  2.9
Dodging        | |  1.7
Stealth        | |  0.6

Action                   |  1- 3 |  4- 6 || total
-------------------------+-------+-------++-------
Melee: Mace              |    64 |   149 ||   213
       Headbutt          |     6 |    16 ||    22
  Use: Scroll            |       |    10 ||    10
       Potion            |       |     1 ||     1
 Stab: Sleeping          |       |     2 ||     2
  Eat: Chunk             |       |     6 ||     6
Armor: Leather armour    |    20 |   102 ||   122
Dodge: Dodged            |    46 |   121 ||   167

Table legend:
 A = Non-vault XP
 B = Vault XP
 C = Vault XP percentage of total XP
 D = Non-vault monster count
 E = Vault monster count
 F = Vault count percentage of total count
                 A         B        C        D         E       F
            +---------+---------+-------+---------+---------+-------
      Total |     282 |      49 |  14.8 |      66 |       9 |  12.0
            +---------+---------+-------+---------+---------+-------
        D:1 |      33 |       0 |   0.0 |      16 |       0 |   0.0
        D:2 |     131 |      49 |  27.2 |      23 |       9 |  28.1
        D:3 |     108 |       0 |   0.0 |      23 |       0 |   0.0
        D:4 |      10 |       0 |   0.0 |       4 |       0 |   0.0
            +---------+---------+-------+---------+---------+-------
